MLB
TEXAS RANGERS @ OAKLAND ATHLETICS
09/14/2098
 
TOP OF THE 1ST
Texas Rangers batting - Pitching for Oakland Athletics : RHP Ken Iddiols
Pitching: RHP Ken Iddiols
Batting: SHB Luis Chavez 0-0: Fly out, F7 (Line Drive, 78D, EV 91.3 MPH)
Batting: RHB Chris Patrick 0-0: Ball
1-0: Called Strike
1-1: Ground out 6-3 (Groundball, 6, EV 107.5 MPH)
Batting: LHB Simeone DeVito 0-0: Ball
1-0: Ball
2-0: Called Strike
2-1: Ground out 6-3 (Groundball, 4MD, EV 94.4 MPH)
Top of the 1st over - 0 runs, 0 hits, 0 errors, 0 left on base; Texas 0 - Oakland 0
BOTTOM OF THE 1ST
Oakland Athletics batting - Pitching for Texas Rangers : LHP Ricardo Chavez
Pitching: LHP Ricardo Chavez
Batting: LHB Ryan Tipton 0-0: Swinging Strike
0-1: SINGLE (Line Drive, 6D, EV 98.8 MPH)
Batting: LHB Ivan Suarez 0-0: Foul Ball, location: 2F
0-1: Swinging Strike
0-2: Ball
1-2: Ball
2-2: Foul Ball, location: 3F
2-2: Fielders Choice at 2nd, 4-6 (Groundball, 4M, EV 87.5 MPH)
Batting: RHB Joey George 0-0: Called Strike
0-1: Called Strike
0-2: Ball
1-2: Foul Ball, location: 25F
1-2: Ball
2-2: Foul Ball, location: 7LDF
2-2: SINGLE (Line Drive, 89M, EV 91.3 MPH)
Ivan Suarez to second
Batting: LHB Pat Wilson 0-0: Ball
Wild Pitch!
Ivan Suarez to third
Joey George to second
1-0: Ball
2-0: Ball
3-0: Base on Balls
Batting: RHB Randy Fowler 0-0: GRAND SLAM HOME RUN (Flyball, 7LD, EV 93.1 MPH), Distance : 347 ft
Batting: RHB Jerome Bathgate 0-0: Ball
1-0: Called Strike
1-1: Ball
2-1: SINGLE (Line Drive, 4D, EV 103.1 MPH)
Batting: RHB David Reichel 0-0: Ball
1-0: Grounds into double play, 4-6-3 (Groundball, 4, EV 83.1 MPH)
Bottom of the 1st over - 4 runs, 4 hits, 0 errors, 0 left on base; Texas 0 - Oakland 4
TOP OF THE 2ND
Texas Rangers batting - Pitching for Oakland Athletics : RHP Ken Iddiols
Batting: RHB Kevin Hock 0-0: Ball
1-0: Ground out 1-3 (Groundball, 25, EV 65.6 MPH)
Batting: LHB Nick Gunnels 0-0: Called Strike
0-1: Ball
1-1: SINGLE (Groundball, 34D, EV 99.4 MPH)
Batting: LHB Charlie Gagne 0-0: 2-RUN HOME RUN (Flyball, 9D, EV 104.4 MPH), Distance : 388 ft
Batting: RHB Josh Mehl 0-0: Called Strike
0-1: Ball
1-1: Foul Ball, location: 3DF
1-2: Ball
2-2: Foul Ball, location: 3DF
2-2: Foul Ball, location: 23FF
2-2: SINGLE (Line Drive, 4MD, EV 106.3 MPH)
Batting: LHB Scott Spencer 0-0: Ball
1-0: Ball
2-0: Foul Ball, location: 3FF
2-1: Swinging Strike
2-2: Fly out, F9 (Flyball, 89S, EV 93.1 MPH)
Batting: RHB Chris Daly 0-0: Fly out, F1 (Popup, P, EV 78.1 MPH)
Top of the 2nd over - 2 runs, 3 hits, 0 errors, 1 left on base; Texas 2 - Oakland 4
BOTTOM OF THE 2ND
Oakland Athletics batting - Pitching for Texas Rangers : LHP Ricardo Chavez
Batting: LHB Gene Del Vecchio 0-0: Ball
1-0: Ball
2-0: Ball
3-0: Base on Balls
Batting: RHB Tom Karr 0-0: Sac Bunt to 15 - play at first, batter OUT! 1-3
Gene Del Vecchio to second
Batting: LHB Ryan Tipton 0-0: Foul Ball, location: 2RF
0-1: Ball
1-1: Foul Ball, location: 7LDF
1-2: SINGLE (Groundball, 4MS, EV 66.3 MPH) (infield hit)
Gene Del Vecchio to third
Batting: LHB Ivan Suarez 0-0: Ball
1-0: Ball
2-0: Swinging Strike
2-1: Called Strike
Ryan Tipton steals 2nd base
2-2: Strikes out swinging
Batting: RHB Joey George 0-0: Swinging Strike
0-1: Ground out 6-3 (Groundball, 56, EV 90.0 MPH)
Bottom of the 2nd over - 0 runs, 1 hit, 0 errors, 2 left on base; Texas 2 - Oakland 4
TOP OF THE 3RD
Texas Rangers batting - Pitching for Oakland Athletics : RHP Ken Iddiols
Batting: SHB Luis Chavez 0-0: Ground out 5-3 (Groundball, 5, EV 86.9 MPH)
Batting: RHB Chris Patrick 0-0: Swinging Strike
0-1: Foul Ball, location: 23F
0-2: Ball
1-2: Foul Ball, location: 25FF
1-2: Ground out 4-3 (Groundball, 4, EV 106.9 MPH)
Batting: LHB Simeone DeVito 0-0: Ball
1-0: Ball
2-0: Swinging Strike
2-1: Fly out, F6 (Popup, 6S, EV 81.9 MPH)
Top of the 3rd over - 0 runs, 0 hits, 0 errors, 0 left on base; Texas 2 - Oakland 4
BOTTOM OF THE 3RD
Oakland Athletics batting - Pitching for Texas Rangers : LHP Ricardo Chavez
Batting: LHB Pat Wilson 0-0: Called Strike
0-1: Ground out 1-3 (Groundball, 13S, EV 65.6 MPH)
Batting: RHB Randy Fowler 0-0: Ball
1-0: Ball
2-0: Ball
3-0: Base on Balls
Batting: RHB Jerome Bathgate 0-0: Grounds into double play, 6-4-3 (Groundball, 6, EV 85.6 MPH)
Bottom of the 3rd over - 0 runs, 0 hits, 0 errors, 0 left on base; Texas 2 - Oakland 4
TOP OF THE 4TH
Texas Rangers batting - Pitching for Oakland Athletics : RHP Ken Iddiols
Batting: RHB Kevin Hock 0-0: Called Strike
0-1: Ground out 5-3 (Groundball, 56, EV 98.1 MPH)
Batting: LHB Nick Gunnels 0-0: Foul Ball, location: 2F
0-1: Swinging Strike
0-2: Fly out, F9 (Flyball, 89S, EV 77.5 MPH)
Batting: LHB Charlie Gagne 0-0: Foul Ball, location: 7LDF
0-1: Ball
1-1: SINGLE (Flyball, 4D, EV 95.0 MPH)
Batting: RHB Josh Mehl 0-0: Ball
1-0: Called Strike
1-1: Fielders Choice at 2nd, 6-4 (Groundball, 6, EV 86.3 MPH)
Top of the 4th over - 0 runs, 1 hit, 0 errors, 1 left on base; Texas 2 - Oakland 4
BOTTOM OF THE 4TH
Oakland Athletics batting - Pitching for Texas Rangers : LHP Ricardo Chavez
Batting: RHB David Reichel 0-0: Ball
1-0: Ball
2-0: Ball
3-0: Called Strike
3-1: Swinging Strike
3-2: Base on Balls
Batting: LHB Gene Del Vecchio 0-0: Ball
1-0: Ball
2-0: Bunted foul
2-1: Bunt missed!
2-2: Fly out, F3 (Popup, 34S, EV 43.8 MPH)
Batting: RHB Tom Karr 0-0: Called Strike
0-1: Foul Ball, location: 23F
0-2: Ball
1-2: Ball
2-2: Strikes out swinging
Batting: LHB Ryan Tipton 0-0: Ball
1-0: Ball
2-0: Called Strike
2-1: Foul Ball, location: 2F
2-2: Ball
3-2: SINGLE (Line Drive, 7S, EV 106.3 MPH)
David Reichel to second
David Reichel to third
Batting: LHB Ivan Suarez 0-0: Ball
1-0: Ball
2-0: Foul Ball, location: 9LMF
2-1: Foul Ball, location: 7LMF
2-2: Ball
3-2: Foul Ball, location: 2F
3-2: Base on Balls
Ryan Tipton to second
Batting: RHB Joey George 0-0: Called Strike
0-1: Swinging Strike
0-2: Strikes out swinging
Bottom of the 4th over - 0 runs, 1 hit, 0 errors, 3 left on base; Texas 2 - Oakland 4
TOP OF THE 5TH
Texas Rangers batting - Pitching for Oakland Athletics : RHP Ken Iddiols
Batting: LHB Scott Spencer 0-0: Ball
1-0: Ground out 3-1 (Groundball, 34, EV 88.1 MPH)
Batting: RHB Chris Daly 0-0: Called Strike
0-1: Ball
1-1: Foul Ball, location: 2F
1-2: Ball
2-2: Strikes out swinging
Batting: SHB Luis Chavez 0-0: Foul Ball, location: 23FF
0-1: Foul Ball, location: 7LDF
0-2: Ball
1-2: Foul Ball, location: 3FF
1-2: Foul Ball, location: 9LSF
1-2: Ball
2-2: Strikes out swinging
Top of the 5th over - 0 runs, 0 hits, 0 errors, 0 left on base; Texas 2 - Oakland 4
BOTTOM OF THE 5TH
Oakland Athletics batting - Pitching for Texas Rangers : LHP Ricardo Chavez
Batting: LHB Pat Wilson 0-0: Ball
1-0: Ball
2-0: Called Strike
2-1: SINGLE (Line Drive, 56D, EV 101.3 MPH)
Batting: RHB Randy Fowler 0-0: DOUBLE (Flyball, 89D, EV 110.0 MPH)
Pat Wilson to third
Batting: RHB Jerome Bathgate 0-0: Ball
1-0: Ball
2-0: Swinging Strike
2-1: Swinging Strike
2-2: DOUBLE (Flyball, 9LD, EV 102.5 MPH)
Pat Wilson scores
Randy Fowler scores
Pitching: RHP Arturo Segura
Batting: RHB David Reichel 0-0: Ball
1-0: Ground out 5-3 (Groundball, 5S, EV 88.8 MPH)
Batting: LHB Gene Del Vecchio 0-0: Ball
1-0: Called Strike
1-1: Called Strike
1-2: Fly out, F9 (Flyball, 89M, EV 92.5 MPH)
Batting: RHB Tom Karr 0-0: Ball
1-0: Called Strike
1-1: Ground out 6-3 (Groundball, 6MS, EV 72.5 MPH)
Bottom of the 5th over - 2 runs, 3 hits, 0 errors, 1 left on base; Texas 2 - Oakland 6
TOP OF THE 6TH
Texas Rangers batting - Pitching for Oakland Athletics : RHP Ken Iddiols
Batting: RHB Chris Patrick 0-0: Ball
1-0: Foul Ball, location: 5F
1-1: Foul Ball, location: 2F
1-2: Ball
2-2: Strikes out swinging
Batting: LHB Simeone DeVito 0-0: Called Strike
0-1: Called Strike
0-2: Strikes out swinging
Batting: RHB Kevin Hock 0-0: Called Strike
0-1: Ball
1-1: Called Strike
1-2: Strikes out looking
Top of the 6th over - 0 runs, 0 hits, 0 errors, 0 left on base; Texas 2 - Oakland 6
BOTTOM OF THE 6TH
Oakland Athletics batting - Pitching for Texas Rangers : RHP Arturo Segura
Batting: LHB Ryan Tipton 0-0: SINGLE (Groundball, 6MD, EV 102.5 MPH)
Batting: LHB Ivan Suarez 0-0: Ball
1-0: Fly out, F7 (Flyball, 8LS, EV 91.9 MPH)
Batting: RHB Joey George 0-0: Ball
1-0: Swinging Strike
1-1: Fly out, F9 (Flyball, 89S, EV 90.6 MPH)
Batting: LHB Pat Wilson 0-0: Called Strike
0-1: Fly out, F7 (Flyball, 7LM, EV 94.4 MPH)
Bottom of the 6th over - 0 runs, 1 hit, 0 errors, 1 left on base; Texas 2 - Oakland 6
TOP OF THE 7TH
Texas Rangers batting - Pitching for Oakland Athletics : RHP Ken Iddiols
Batting: LHB Nick Gunnels 0-0: Ball
1-0: Ball
2-0: Fly out, F6 (Popup, 15, EV 81.3 MPH)
Batting: LHB Charlie Gagne 0-0: SINGLE (Groundball, 34D, EV 94.4 MPH)
Batting: RHB Josh Mehl 0-0: Foul Ball, location: 9LMF
0-1: Fly out, F8 (Flyball, 8RXD, EV 97.5 MPH)
Batting: LHB Scott Spencer 0-0: Called Strike
Charlie Gagne steals 2nd base (no throw)
0-1: Ball
1-1: Fly out, F8 (Flyball, 78S, EV 78.1 MPH)
Top of the 7th over - 0 runs, 1 hit, 0 errors, 1 left on base; Texas 2 - Oakland 6
BOTTOM OF THE 7TH
Oakland Athletics batting - Pitching for Texas Rangers : RHP Arturo Segura
Batting: RHB Randy Fowler 0-0: Ball
1-0: Ball
2-0: Swinging Strike
2-1: Foul Ball, location: 2F
2-2: Foul Ball, location: 5F
2-2: Ball
3-2: Ground out 5-3 (Groundball, 56, EV 102.5 MPH)
Batting: RHB Jerome Bathgate 0-0: Ball
1-0: SINGLE (Line Drive, 9S, EV 110.0 MPH)
Batting: RHB David Reichel 0-0: Called Strike
0-1: Called Strike
0-2: Foul Ball, location: 2F
0-2: Foul Ball, location: 23FF
0-2: Grounds into double play, 4-6-3 (Groundball, 34, EV 101.9 MPH)
Bottom of the 7th over - 0 runs, 1 hit, 0 errors, 0 left on base; Texas 2 - Oakland 6
TOP OF THE 8TH
Texas Rangers batting - Pitching for Oakland Athletics : RHP Ken Iddiols
Batting: RHB Chris Daly 0-0: Ball
1-0: Ball
2-0: Called Strike
2-1: Ball
3-1: Fly out, F7 (Flyball, 7LM, EV 103.8 MPH)
Batting: SHB Luis Chavez 0-0: Ball
1-0: Ground out 4-3 (Groundball, 4, EV 106.3 MPH)
Batting: RHB Chris Patrick 0-0: Fly out, F4 (Popup, 4, EV 72.5 MPH)
Top of the 8th over - 0 runs, 0 hits, 0 errors, 0 left on base; Texas 2 - Oakland 6
BOTTOM OF THE 8TH
Oakland Athletics batting - Pitching for Texas Rangers : RHP Arturo Segura
Pitching: LHP Gabe Osborne
Batting: LHB Gene Del Vecchio 0-0: Called Strike
0-1: Ball
1-1: Swinging Strike
1-2: Strikes out swinging
Batting: RHB Tom Karr 0-0: Called Strike
0-1: Swinging Strike
0-2: Strikes out looking
Batting: LHB Ryan Tipton 0-0: Foul Ball, location: 5FF
0-1: Called Strike
0-2: Ball
1-2: Ball
2-2: Fly out, F7 (Line Drive, 7, EV 86.9 MPH)
Bottom of the 8th over - 0 runs, 0 hits, 0 errors, 0 left on base; Texas 2 - Oakland 6
TOP OF THE 9TH
Texas Rangers batting - Pitching for Oakland Athletics : RHP Ken Iddiols
Batting: LHB Simeone DeVito 0-0: Called Strike
0-1: Ball
1-1: Swinging Strike
1-2: Foul Ball, location: 23FF
1-2: Ball
2-2: Ball
3-2: Base on Balls
Batting: RHB Kevin Hock 0-0: Ball
1-0: Ball
2-0: Foul Ball, location: 2F
2-1: Ball
3-1: Fly out, F9 (Flyball, 9D, EV 92.5 MPH)
Batting: LHB Nick Gunnels 0-0: Ball
1-0: Swinging Strike
1-1: Fly out, F8 (Flyball, 8RD, EV 103.8 MPH)
Batting: LHB Charlie Gagne 0-0: Ball
1-0: Ground out U3 (Groundball, 3, EV 86.9 MPH)
Top of the 9th over - 0 runs, 0 hits, 0 errors, 1 left on base; Texas 2 - Oakland 6
Sunday, April 14th , 2024 - OOTP Baseball 24.11 Build 85